AoeStats
← sergioguarin19

Arabia

509530038Analyzed
2v2 RM · 5d ago on Sep 27, 2026· 36m 54s· 4 players
Game mode
Random Map
Map size
Medium (4 player)
Population
200
Speed
Normal
Resources
Standard
Victory
Conquest
Starting age
Dark Age
Ending age
Imperial Age
RankedLock teamsTeams togetherTeam positionsShared explorationLock speedFull tech treeHidden civsTurbo modeCheats
Victory
Defeat
🇦🇷 Sicilians · Argentina
1088
+15
🇹🇼 Malians · Taiwan
987
+18
🇨🇴 Malay · Colombia
1090
-18
🇨🇴 Aztecs · Colombia
1015
-15
sergioguarin19
7:12 Loom
10:21 Feudal Age
10:08 Double-Bit Axe
18:51 Castle Age
20:45 Scale Barding Armor
29:36 Crossbowman
31:16 Fletching
32:54 Horse Collar
33:44 Bow Saw
cristianalarconcalderon
2:58 Loom
11:44 Feudal Age
20:31 Stone Mining
inmortand_joe
1:09 Loom
21:37 Feudal Age
23:10 Town Watch
26:31 Double-Bit Axe
33:19 Castle Age
33:33 Wheelbarrow
33:02 Horse Collar
34:49 Bloodlines
qvbcheng
13:12 Feudal Age
18:34 Castle Age
16:44 Double-Bit Axe
17:26 Horse Collar
17:40 Gold Mining
18:14 Stone Mining
18:59 Forging
18:59 Scale Mail Armor
34:59 Chain Mail Armor
Connection lost

Rejoining the realm…

Still unreachable

The connection could not be restored.

Session expired

The server has moved on; the page needs a fresh start.